groovejumper, neutral female human Wizard ---------------- ----- #|..............| |....# #|....<.........| --#-- |...|# #|...[...........##0 ------------- ##-...| |..>|# #-|-------------- # #|...........| # |....# |%._|# #### ##.............#### |...|# |...|# # # # # |...........| |...|# -----# # ### ### |...........| |...|# # # # # |...........| -----# # # ### ### |...........| # #*# # # # # ------------- # *##* # # ##[...... # ### # ##### ####*#### # # |..{...### # ###----- #-------.--# # |.....| ### #....| #|........|# # |.....| # |.<.| #.......@..# # |......##### |...| |.....I..|###) ------- ----- ---------- * groovejumper the Magician Experience level: 10 Strength: 13 Dexterity: 12 Constitution: 18 Intelligence: 16 Wisdom: 14 Charisma: 9 Health: 0(88) Energy: 83(97) AC: 0 Gold: 0 Moves: 9391 Your Inventory: Weapons a - a blessed +1 quarterstaff (weapon in hands) Armor t - a blessed +2 pair of low boots of displacement (being worn) A - a blessed +0 cloak of magic resistance (being worn) K - an uncursed +0 Hawaiian shirt (being worn) L - a blessed +2 studded leather armor (being worn) M - an uncursed +0 elven leather helm (being worn) Comestibles x - an uncursed lizard corpse Potions g - a cursed clear potion [of unholy water] h - a blessed clear potion [of holy water] R - 2 uncursed clear potions [of water] Rings d - an uncursed ring of slow digestion (on right hand) e - an uncursed ring of stealth (on left hand) Tools b - an uncursed sack k - an uncursed lock pick Contents of the sack: 1801 gold pieces an [uncursed +0] pair of snow boots [jumping] 3 uncursed apples 2 uncursed avacados 7 uncursed food rations 2 uncursed fortune cookies an uncursed lichen corpse an uncursed lizard corpse an uncursed pancake 4 uncursed tripe rations 2 uncursed scrolls called earth [of earth] an uncursed scroll of confuse monster an uncursed scroll of magic mapping an uncursed scroll of scare monster an uncursed potion of enlightenment an uncursed potion of gain energy an uncursed potion of invisibility an uncursed potion of see invisible an uncursed amber ring [of fire resistance] an uncursed granite ring [of polymorph control] a cursed jacinth ring [of polymorph] an uncursed porcelain ring [of teleport control] a cursed [-1] ridged ring [of protection] an uncursed ring of levitation an uncursed [+3] shiny ring [of gain strength] an uncursed balsa wand [of light (0:12)] an uncursed bone wand [of nothing (0:8)] an uncursed bronze wand [of cancellation (0:4)] a blessed ceramic wand [of sleep (0:5)] an uncursed glass wand [of magic missile (0:5)] an uncursed glass wand [of magic missile (0:6)] an uncursed jeweled wand [of enlightenment (0:12)] an uncursed runed wand [of lightning (0:4)] an uncursed wand of fire (0:3) an uncursed magic marker [0:16] Spells known in the end: Name Level Category Fail Memory a - force bolt 1 attack 0% [|||||...] b - confuse monster 2 enchantment 0% [|||||...] c - wizard lock 2 matter 0% [|||||...] Your skills at the end: Fighting Skills Weapon Skills quarterstaff [Basic / Expert] Spellcasting Skills attack spells [Skilled / Expert] enchantment spells [Basic / Skilled] Final Attributes: You were piously aligned. Hunger level was 721. Your alignment was 56 / 56. Monster difficulty range was 1 - 9. Level difficulty was 8. You resisted poison. You were magic-protected. You were telepathic. You were displaced. You were stealthy. You had slower digestion. Your luck was zero. You are dead. Vanquished creatures: a giant mimic a small mimic 2 tengu 2 spotted jellies 5 leprechauns an iron piercer a giant spider a vampire bat a rust monster an owlbear a yeti a Green-elf 2 lizards a chickatrice a dog a dingo a housecat a jaguar a blue jelly 2 dust vortices a gnome mummy 6 human zombies a soldier ant a bugbear an imp 2 wood nymphs 2 water nymphs 9 Uruk-hai 4 rock piercers 6 enormous rats 4 rock moles a yellow light 2 shriekers 2 violet fungi 2 gnome lords 2 gnomish wizards a black naga hatchling 3 gray oozes a barrow wight 2 elf zombies 2 ghouls a straw golem a baby crocodile 7 giant ants 3 floating eyes 2 kittens 4 dwarves 2 homunculi a kobold lord a kobold shaman a rothe a rabid rat a centipede 3 giant bats 2 monkeys 10 orc zombies 7 iguanas 29 killer bees 3 coyotes a gas spore 3 hobbits a large kobold a giant rat 3 cave spiders 4 yellow molds a green mold 2 red molds 4 garter snakes 2 gnome zombies 6 geckos 4 jackals 4 foxes 2 kobolds 4 goblins 5 sewer rats 2 grid bugs a bat 4 lichens 2 kobold zombies 7 newts 225 creatures vanquished. Voluntary challenges: You used a wielded weapon 253 times. You read items or engraved 10 times. You put on armor 11 times. You never genocided any monsters. You never polymorphed an object. You never changed form. You used no wishes. You wrote Elbereth's name 3 times. You never encountered a bones level. You used 2 Sokoban shortcuts. Dungeon overview: The Dungeons of Doom: levels 1 to 8 Level 1 a long staircase Level 2 a weapon shop, a fountain Level 3 some fountains Level 4 an armor shop, a sink a long staircase Level 5 an altar Level 6 a fountain Level 7 many fountains Level 8 <- You were here an altar to Thoth, a fountain stairs to Sokoban Sokoban: levels 5 to 7 Level 7 a magic chest stairs to The Dungeons of Doom History has recorded: On T:1 you entered the Dungeons of Doom to retrieve the Amulet of Yendor! On T:466 you reached level 2 of The Dungeons of Doom. On T:469 you advanced to experience level 2. On T:1004 you advanced to experience level 3. On T:1216 you advanced to experience level 4. On T:1217 you reached level 3 of The Dungeons of Doom. On T:1511 you advanced to experience level 5. On T:1969 you reached level 4 of The Dungeons of Doom. On T:2176 you advanced to experience level 6. On T:2341 you reached level 5 of The Dungeons of Doom. On T:3263 you advanced to experience level 7. On T:3393 you reached level 6 of The Dungeons of Doom. On T:4134 you advanced to experience level 8. On T:4485 you reached level 7 of The Dungeons of Doom. On T:4988 you reached level 8 of The Dungeons of Doom. On T:5293 you reached level 3 of Sokoban. On T:5987 you advanced to experience level 9. On T:5997 you reached level 2 of Sokoban. On T:7157 you reached level 1 of Sokoban. On T:8876 you advanced to experience level 10. Latest messages: You attack thin air. [2 turns] You attack thin air. [HP+1=31] You write "Elbereth" with your fingers into the dust. [HP+1=32] [2 turns] [HP+1=33] [2 turns] [HP+1=34] [2 turns] [HP+1=35] [HP+1=36] [2 turns] [HP+1=37] [2 turns] It hits! [HP-10=27] It hits! [HP-8=19] It hits! (2x) You die... Final status: Goodbye groovejumper the Wizard... You died in The Dungeons of Doom on dungeon level 8 with 5019 points, and 1801 pieces of gold, after 9391 moves. You were level 10 with a maximum of 88 hit points when you died.